 Dungeon Crawl Stone Soup version 0.30-a0-458-g86641cc369 (webtiles) character file.

Game seed: 15498602018660209332

1927 cforsyth the Ruffian (level 8, -1/81 HPs)
             Began as a Troll Fighter on Dec 14, 2022.
             Was a Follower of Wu Jian.
             Slain by an orc warrior
             ... wielding a +0 halberd
              (11 damage)
             ... in a bailey.
             The game lasted 00:09:37 (5106 turns).

cforsyth the Ruffian (Troll Fighter)                Turns: 5106, Time: 00:09:37

Health: -1/81      AC:  5    Str: 25    XL:     8   Next: 96%
Magic:  7/7        EV:  9    Int:  6    God:    Wu Jian [*.....]
Gold:   260        SH:  8    Dex:  9    Spells: 7/7 levels left

rFire   . . .      SeeInvis .      - Unarmed
rCold   . . .      Faith    .    b - +0 kite shield
rNeg    . . .      Spirit   .    a - +0 robe
rPois   .          Reflect  .    (helmet restricted)
rElec   .          Harm     .    B - +0 cloak
rCorr   .          Rampage  .    (gloves unavailable)
Will    .....                    (boots unavailable)
Stlth   +.........               (no amulet)
HPRegen 1.13/turn                (no ring)
MPRegen 0.10/turn                (no ring)

@: mighty, hasted, very quick
A: large, unfitting armour, claws 3, regeneration 1, shaggy fur 1, tough skin 1
a: Renounce Religion


You were in a bailey.
You worshipped Wu Jian.
Wu Jian was aware of your devotion.
You visited 1 branch of the dungeon, and saw 7 of its levels.
You also visited: Bailey.

You collected 355 gold pieces.
You spent 95 gold pieces at shops.

Inventory:

Missiles
 D - 2 throwing nets (quivered)
Armour
 a - a +0 robe (worn)
 b - a +0 kite shield (worn)
 B - a +0 cloak (worn)
Jewellery
 i - an amulet of regeneration
 r - the ring of the Frog {rElec AC+4 Str-2 Dex+4 Stlth+}
   (You found it on level 3 of the Dungeon)

   [ring of protection]

   AC:        It affects your AC (+4).
   Str:       It affects your strength (-2).
   Dex:       It affects your dexterity (+4).
   rElec:     It insulates you from electricity.
   Stlth:     It makes you more stealthy.
 C - a ring of poison resistance
Wands
 m - a wand of iceblast (14)
 o - a wand of flame (9)
 x - a wand of light (4)
Scrolls
 d - 3 scrolls of poison
 e - a scroll of acquirement {unknown}
 f - a scroll of noise
 g - 2 scrolls of identify
 k - a scroll of teleportation
 t - a scroll of enchant armour {unknown}
 y - a scroll of amnesia {unknown}
 E - a scroll of fog {unknown}
 F - a scroll of fear {unknown}
 H - a scroll of magic mapping {unknown}
Potions
 h - 3 potions of curing
 j - a potion of brilliance {unknown}
 l - a potion of heal wounds {unknown}
 n - a potion of attraction {unknown}
 p - a potion of magic {unknown}
 q - a potion of berserk rage {unknown}
 s - 2 potions of degeneration {unknown}
 u - a potion of haste
 v - a potion of cancellation {unknown}
 w - 2 potions of flight {unknown}
 A - a potion of resistance {unknown}
 G - a potion of invisibility


   Skills:
 + Level 5.4 Fighting
 + Level 5.4 Dodging
 + Level 6.0 Shields
 + Level 6.0 Unarmed Combat


You had 7 spell levels left.
You didn't know any spells.
Your spell library contained the following spells:

 Spells                   Type           Power      Damage    Failure   Level
 Ozocubu's Armour         Ice            0%         N/A       97%         3
 Metabolic Englaciation   Hex/Ice        0%         N/A       100%        5
 Simulacrum               Ice/Necr       0%         N/A       100%        6


Dungeon Overview and Level Annotations

Branches:
Dungeon (7/15)             Temple (0/1) D:4          Bailey (1/1)

Altars:
Hepliaklqana
Kikubaaqudgha
Wu Jian

Shops:
D:4 *   D:5 *

Annotations:
D:5 2 runed translucent doors, Darkkill's ghost, amateur MiHu


Innate Abilities, Weirdness & Mutations

You are too large for most types of armour.
You have claws for hands.
Your natural rate of healing is unusually fast.
You are covered in fur. (AC +1)
You have tough skin. (AC +1)


Message History

The orc hits you with a +0 trident. The orc barely misses you. x2
Things that are here:
a +0 spear; a +0 chain mail; an orc corpse You closely miss the orc.
The orc barely misses you.
The orc hits you from afar with a +0 halberd.
You scratch the orc but do no damage. The orc hits you but does no damage.
The orc hits you from afar with a +0 halberd.
You block the orc's attack.
An orc warrior comes into view. It is wielding a +0 halberd.
The orc warrior shouts!
You claw the orc!
You kill the orc!
The Council accepts your kill. You block the orc's attack.
The orc warrior drinks a potion.
The orc warrior flickers and vanishes!
Deactivating autopickup; reactivate with Ctrl-A.
The orc barely misses you.
Things that are here:
a +0 trident; a +0 scale mail; an orc corpse You barely miss the orc.
The orc barely misses you.
You mangle the orc!!
You kill the orc!
The Council accepts your kill. Something hits you!
Things that are here:
a +0 halberd; an orc corpse Something hits you!
You closely miss something. Something hits you!
You completely miss something. Something hits you!
You closely miss something. Something hits you!
You scratch something but do no damage. Something hits you!
* * * LOW HITPOINT WARNING * * *
You miss something. Something hits you.
* * * LOW HITPOINT WARNING * * *
You completely miss something. Something hits you!
* * * LOW HITPOINT WARNING * * *
You feel yourself speed up. You block something's attack.
You feel very mighty all of a sudden.
You miss something. Something hits you!
You die...

### ############ ....
##........∩.## .o..
######.....#..)...#
o.##..#....#....###.....#
...8..'....'{....8.))..∩#
.o##..#....#.@..###)....#
.o.. ######..).)#))....#
o... ##..))....∩.## ###
############


There were no monsters in sight!

Vanquished Creatures
  A yak (D:6)
  Duvessa (D:4)
  2 orc warriors
  An ogre (D:5)
  2 black bears
  A centaur (D:6)
  2 phantoms
  A kobold brigand (D:7)
  Blork the orc (D:5)
  A necrophage (D:6)
  4 scorpions
  Dowan (D:4)
  An orc priest (D:5)
  5 iguanas
  4 orc wizards
  4 gnolls (D:5)
  10 adders
  2 white imps (D:6)
  2 dart slugs (D:1)
  27 orcs
  6 bats
  4 endoplasms
  3 giant cockroaches
  4 hobgoblins
  8 kobolds
  4 quokkas
  5 ball pythons
  A frilled lizard (D:1)
  16 goblins
  3 rats
127 creatures vanquished.

Notes
Turn   | Place    | Note
-------+----------+-------------------------------------------
     0 | D:1      | cforsyth the Troll Fighter began the quest for the Orb.
     0 | D:1      | Reached XP level 1. HP: 22/22 MP: 0/0
    59 | D:1      | Reached XP level 2. HP: 29/29 MP: 1/1
   326 | D:1      | Reached XP level 3. HP: 36/36 MP: 2/2
   912 | D:2      | Reached XP level 4. HP: 44/44 MP: 3/3
  1526 | D:3      | Identified the ring of the Frog {rElec AC+4 Str-2 Dex+4
                  | Stlth+}
  1842 | D:4      | Noticed a scorpion
  1855 | D:4      | Killed a scorpion
  1856 | D:4      | Reached XP level 5. HP: 8/53 MP: 4/4
  1929 | D:4      | Noticed a black bear
  1938 | D:4      | Killed a black bear
  1984 | D:4      | Found a staircase to the Ecumenical Temple.
  1984 | D:4      | Noticed Duvessa
  2017 | D:4      | Killed Duvessa
  2018 | D:4      | Reached XP level 6. HP: 28/61 MP: 5/5
  2428 | D:4      | Found an ornate altar of the Wu Jian Council.
  2446 | D:4      | Found Wices's Assorted Antiques.
  2450 | D:4      | Noticed Dowan
  2464 | D:4      | Killed Dowan
  2465 | D:4      | Reached XP level 7. HP: 11/68 MP: 6/6
  2521 | D:4      | Bought a scroll labelled GOALIENOGA for 26 gold pieces
  2521 | D:4      | Bought a pink potion for 23 gold pieces
  2521 | D:4      | Bought a red potion for 23 gold pieces
  2521 | D:4      | Bought a metallic ruby potion for 23 gold pieces
  2818 | D:5      | Entered Level 5 of the Dungeon
  2889 | D:5      | Found a runed translucent door.
  2956 | D:4      | Became a worshipper of the Wu Jian Council
  3046 | D:5      | Found Binafag's General Store.
  3168 | D:5      | Noticed Blork the orc
  3207 | D:5      | Killed Blork the orc
  3288 | D:5      | Reached skill level 5 in Shields
  3288 | D:5      | Reached skill level 5 in Unarmed Combat
  3288 | D:5      | Reached XP level 8. HP: 78/79 MP: 7/7
  3501 | D:5      | Found a runed translucent door.
  3502 | D:5      | Noticed Darkkill's ghost (amateur MiHu)
  4134 | D:6      | Found an ancient bone altar of Kikubaaqudgha.
  4571 | D:6      | Found a hazy altar of Hepliaklqana.
  4685 | D:6      | Reached skill level 5 in Fighting
  4685 | D:6      | Reached skill level 5 in Dodging
  4714 | D:6      | Reached * piety under Wu Jian
  4945 | D:7      | Found a flagged portal.
  4954 | Bailey   | Entered a bailey
  5106 | Bailey   | Slain by an orc warrior

Illustrated notes

Levels and vault maps discovered:
D:1:      nicolae_arrival_washed_ashore, layout_basic, minmay_fountain_box
D:2:      layout_basic, bh_walls_and_bars
D:3:      layout_loops_ring
D:4:      layout_basic, nzn_wu_jian_council_hall,
          minmay_temple_entry_steel_oval, serial_shops, shop, uniq_duvessa
D:5:      layout_cave_pods, ebering_ghost_sewer_f, serial_shops,
          nicolae_shop_statue_plus, chequers_serial_rivers_micro_a,
          minmay_stone_trees_small, uniq_blork_the_orc
D:6:      layout_basic, kennysheep_little_box, kiku_gazebo_pond_becter
D:7:      layout_gridville, enter_bailey_3
Bailey:   bailey_polearm_5, bailey

Skill      XL: |  1  2  3  4  5  6  7  8 |
---------------+-------------------------+-----
Shields        | 3 4 5 6 |  6.0
Dodging        | 3 4 5 |  5.4
Fighting       | 3 4 5 |  5.4
Unarmed Combat | 3 4 5 6 |  6.0

Action                   |  1- 3 |  4- 6 |  7- 9 || total
-------------------------+-------+-------+-------++-------
Melee: Unarmed           |    77 |   105 |   246 ||   428
Invok: Lunge             |       |       |    23 ||    23
       Whirlwind         |       |       |    27 ||    27
  Use: Scroll            |       |       |     6 ||     6
       Potion            |       |       |     2 ||     2
Armor: Robe              |    20 |    22 |    53 ||    95
Dodge: Dodged            |    21 |    25 |    79 ||   125
Block: Kite shield       |    25 |    36 |    98 ||   159

Table legend: (Time is in decaauts)
 A = Elapsed time spent in this place.
 B = Non-inter-level travel time spent in this place.
 C = Inter-level travel time spent in this place.
 D = Time resting spent in this place.
 E = Time spent auto-exploring this place.
 F = Levels seen in this place.
 G = Mean time per level.
                   A        B        C        D        E       F      G
               +--------+--------+--------+--------+--------+-----+--------+
         Total |   5123 |   4813 |    310 |     39 |   3734 |   8 |  640.4 |
       Dungeon |   4971 |   4661 |    310 |      7 |   3703 |   7 |  710.1 |
        Bailey |    151 |    151 |      0 |     32 |     31 |   1 |  151.0 |
               +--------+--------+--------+--------+--------+-----+--------+

Top non-repeatable levels by time:
     D:6: 1066 daAuts
     D:4: 1062 daAuts
     D:5: 943 daAuts
     D:2: 852 daAuts
     D:3: 533 daAuts
     D:1: 455 daAuts
  Bailey: 151 daAuts
     D:7: 56 daAuts
